 Dungeon Crawl Stone Soup version 0.27-a0-277-g024f7ef292 (webtiles) character file.

Game seed: 2121073057180550753

14882 puppykicker the Grappler (level 11, -12/96 (98) HPs)
             Began as a Troll Delver on Feb 7, 2021.
             Was a Priest of Hepliaklqana.
             Mangled by a boulder beetle (40 damage)
             ... on level 12 of the Dungeon.
             The game lasted 00:38:02 (11507 turns).

puppykicker the Grappler (Troll Delver)            Turns: 11507, Time: 00:38:02

HP:   -12/96 (98)   AC:  8    Str: 22    XL:     11   Next: 94%
MP:   16/16         EV:  9    Int: 15    God:    Hepliaklqana [***...]
Gold: 314           SH: 11    Dex: 11    Spells: 14/18 levels left

rFire    + . .     SeeInvis .     - Unarmed
rCold    . . .     Faith    .   H - +2 kite shield {rF+} {rF+}
rNeg     . . .     Spirit   .   a - +0 robe
rPois    .         Reflect  .   (helmet restricted)
rElec    .         Harm     .   n - +1 cloak
rCorr    .         Rampage  .   (gloves unavailable)
Will     .....                  (boots unavailable)
Stlth    ++........             (no amulet)
HPRegen  0.66/turn              w - +6 ring of intelligence
MPRegen  0.15/turn              (no ring)

@: lightly drained
A: large, unfitting armour, reduced essence, claws 3, regeneration 1, shaggy fur
1, tough skin 3
a: Renounce Religion, Recall Ancestor, Ancestor Identity, Transference


You were on level 12 of the Dungeon.
You worshipped Hepliaklqana.
Hepliaklqana was most pleased with you.
You visited 2 branches of the dungeon, and saw 13 of its levels.
You also visited: Ossuary.

You collected 501 gold pieces.
You spent 187 gold pieces at shops.

Inventory:

Missiles
 y - 31 poisoned darts
 z - 4 javelins
 F - 6 large rocks (quivered)
 I - 6 curare-tipped darts
Armour
 a - a +0 robe (worn)
 n - a +1 cloak (worn)
 H - a +2 kite shield of fire resistance (worn) {rF+}
Jewellery
 w - a +6 ring of intelligence (left claw)
Wands
 b - a wand of digging (2)
 i - a wand of mindburst (7)
 v - a wand of flame (10)
 E - a wand of acid (19)
Scrolls
 c - 3 scrolls of magic mapping {!r}
 e - 14 scrolls of fear
 f - 3 scrolls of fog
 h - a scroll of immolation {!r}
 k - 2 scrolls of amnesia
 m - 10 scrolls of remove curse
 o - a scroll of vulnerability {!r!r}
 r - 4 scrolls of enchant weapon
 t - 3 scrolls of teleportation
 B - a scroll of blinking {!r}
 C - 2 scrolls of enchant armour
Potions
 d - a potion of haste
 g - 4 potions of attraction {!q}
 j - 7 potions of curing
 l - 6 potions of flight
 p - 3 potions of cancellation
 q - a potion of magic
 s - 2 potions of resistance
 u - 3 potions of heal wounds
 x - 4 potions of berserk rage {!q}
 A - 4 potions of might
 G - a potion of mutation {!q}


   Skills:
 + Level 7.4 Fighting
 + Level 4.0 Throwing
 - Level 4.0 Armour
 - Level 4.0 Dodging
 - Level 2.7 Stealth
 + Level 4.0 Shields
 * Level 11.9 Unarmed Combat
 - Level 4.0 Spellcasting
 - Level 5.0 Necromancy


You had 14 spell levels left.
You knew the following spells:

 Your Spells              Type           Power        Failure   Level
v - Vampiric Draining     Necr           9%           21%         3
z - Animate Skeleton      Necr           36%          7%          1

Your spell library contained the following spells:

 Spells                   Type           Power        Failure   Level
 Pain                     Necr           72%          7%          1
 Corona                   Hex            3%           45%         1
 Animate Dead             Necr           9%           54%         4
 Ensorcelled Hibernation  Hex/Ice        6%           61%         2
 Confusing Touch          Hex            3%           83%         3
 Dazzling Flash           Conj/Hex       6%           83%         3
 Tukima's Dance           Hex            3%           83%         3
 Agony                    Necr           18%          88%         5
 Haunt                    Necr/Summ      5%           100%        7
 Malign Gateway           Summ/Tloc      1%           100%        7
 Monstrous Menagerie      Summ           1%           100%        7
 Summon Horrible Things   Summ           1%           100%        8


Dungeon Overview and Level Annotations

Branches:
Dungeon (12/15)            Temple (1/1) D:6            Lair (0/6) D:10
    Orc (0/2) D:10        Ossuary (visited)

Altars:
Ashenzari
Dithmenos
Elyvilon
Fedhas
Gozag
Hepliaklqana
Kikubaaqudgha
Nemelex Xobeh
Okawaru
Qazlal
Ru
Uskayaw
Vehumet
Wu Jian
Xom
Yredelemnul
Zin
The Shining One

Shops:
D:6 [   D:8 [


Innate Abilities, Weirdness & Mutations

You are too large for most types of armour.
You have claws for hands.
Your natural rate of healing is unusually fast.
You are covered in fur. (AC +1)
You have extremely tough skin. (AC +3)
Your life essence is reduced to manifest your ancestor. (-10% HP)


Message History

The wight hits you from afar with a +0 spear.
* * * LOW HITPOINT WARNING * * *
You feel drained.
* * * LOW HITPOINT WARNING * * *
You take 5 damage, and have 26/96 hp.
Unknown command.
Something hits your gay dad!
Unknown command.
The boulder beetle curls into a ball and begins rolling!
Unknown command.
Aiming: Corrosive Bolt
Press: ? - help, Shift-Dir - straight line, f - skeletal warrior
Aim: a skeletal warrior, wielding a +0 war axe (29% to evade)
The bolt of acid hits the boulder beetle but does no damage.
The bolt of acid misses the quasit.
The bolt of acid hits the skeletal warrior but does no damage.
The wight barely misses your gay dad.
The wight hits your gay dad with a +0 spear.
The boulder beetle hits you!!!
You die...

########## .........#
.........# ###### .........#
#....# .........# #..#.########
....)....###########.#.#.......
..<..........[..@B○W...........
.........##########z5R.........
.........# ###zz......##
.........# #÷........#
....<....# ##..##.#.#..
########## #..## .# ... #...##
.. .. #..#.# .. # #..... .##


You could see the friendly your gay dad the hexer, a boulder beetle (drained), a
skeletal warrior, a freezing wraith, 2 wights and a quasit.

Levels and vault maps discovered:
D:1:      dpeg_arrival_water_fire, layout_loops_ring
D:2:      layout_loops_cross, lemuel_coloured_pillars_altar,
          chequers_serial_rivers_large_b, minmay_stone_trees_medium,
          kennysheep_generic_room_12
D:3:      layout_loops_ring, minivault_14, yredelemnul_altar_generic,
          uniq_terence
D:4:      layout_loops_ring, uniq_duvessa
D:5:      layout_basic, fedhas_altar_3, uniq_blork_the_orc
D:6:      layout_basic, minmay_temple_entry_fiery, serial_shops, shop,
          lightli_ossuary_entry_decrepit_ruins, lemuel_altar_in_water
D:7:      layout_gridville
D:8:      layout_basic, serial_shops,
          nicolae_shop_temple_entry_statues_fountains, minmay_crossroads
D:9:      layout_layer_cave, minivault_21, minivault_16
D:10:     layout_irregular_city, minmay_lair_entry_grove, zombieorc2_lemuel,
          uniq_maurice, uniq_sonja
D:11:     layout_cave_pods, uniq_urug
D:12:     layout_rooms, uniq_azrael, uniq_frances
Temple:   dpeg_three_leaves_temple

Notes
Turn   | Place    | Note
-------+----------+-------------------------------------------
     0 | D:5      | puppykicker the Troll Delver began the quest for the Orb.
     0 | D:5      | Reached XP level 1. HP: 22/22 MP: 0/0
     3 | D:5      | Identified a +0 giant club
     3 | D:5      | Noticed an ogre
    13 | D:5      | Killed an ogre
    14 | D:5      | Reached skill level 3 in Fighting
    14 | D:5      | Reached skill level 3 in Unarmed Combat
    14 | D:5      | Reached XP level 2. HP: 31/31 MP: 1/1
    14 | D:5      | Reached XP level 3. HP: 37/37 MP: 2/2
    14 | D:5      | Reached XP level 4. HP: 45/45 MP: 3/3
    19 | D:5      | Identified a +0 war axe
    19 | D:5      | Identified a +0 chain mail
    19 | D:5      | Identified a +0 dagger
    19 | D:5      | Identified a +0 robe
    19 | D:5      | Identified a +0 leather armour
    19 | D:5      | Identified a +0 flail
    20 | D:5      | Identified a +0 whip
    20 | D:5      | Identified a +0 leather armour
    31 | D:5      | Reached skill level 4 in Unarmed Combat
   118 | D:5      | Identified a cursed -1 short sword
   121 | D:5      | Identified a +0 dagger of draining
   121 | D:5      | Identified a +0 robe
   130 | D:5      | Reached XP level 5. HP: 53/53 MP: 4/4
   147 | D:5      | Identified a +0 flail
   147 | D:5      | Identified a +0 leather armour
   175 | D:4      | Identified a +0 rapier
   175 | D:4      | Identified a +0 leather armour
   175 | D:4      | Noticed Duvessa
   178 | D:4      | Identified a +1 dagger of speed
   178 | D:4      | Identified a +0 robe
   178 | D:4      | Noticed Dowan
   185 | D:4      | Killed Duvessa
   186 | D:4      | Reached skill level 5 in Unarmed Combat
   198 | D:4      | Killed Dowan
   199 | D:4      | Reached XP level 6. HP: 34/62 MP: 5/5
   253 | D:4      | Reached skill level 4 in Fighting
   370 | D:4      | Identified a +0 giant spiked club
   380 | D:4      | Reached skill level 6 in Unarmed Combat
   577 | D:4      | Identified a +2 hand axe of draining
   577 | D:4      | Identified a +0 leather armour
   624 | D:4      | Reached XP level 7. HP: 59/71 MP: 6/6
   645 | D:4      | Identified 2 scrolls of amnesia
   664 | D:3      | Identified a +1 vampiric hand axe
   664 | D:3      | Identified a +0 scale mail
   664 | D:3      | Noticed Terence
   674 | D:3      | Killed Terence
   684 | D:3      | Found a basalt altar of Yredelemnul.
   839 | D:1      | Identified a +0 club
   947 | D:1      | Identified a +0 dagger
   956 | D:1      | Identified 2 scrolls of remove curse
   957 | D:1      | Identified 2 scrolls of identify
   957 | D:1      | Identified a potion of curing
   958 | D:1      | Identified a potion of flight
  1450 | D:1      | Identified a +0 club
  1529 | D:1      | Identified a +0 dagger
  1867 | D:2      | Identified a +0 dagger
  1876 | D:2      | Identified a potion of cancellation
  1918 | D:2      | Identified a +0 club
  2003 | D:2      | Identified a +0 short sword
  2057 | D:2      | Identified a +0 dagger
  2203 | D:2      | Found a white marble altar of Elyvilon.
  2535 | D:3      | Identified a +0 club
  2611 | D:3      | Learned a level 3 spell: Vampiric Draining
  2613 | D:3      | Learned a level 1 spell: Animate Skeleton
  2930 | D:3      | Identified a +0 club
  3025 | D:4      | Identified a +0 giant club
  3045 | D:4      | Reached skill level 7 in Unarmed Combat
  3055 | D:4      | Reached skill level 1 in Necromancy
  3069 | D:4      | Identified a potion of heal wounds
  3122 | D:4      | Identified a +0 club
  3123 | D:4      | Identified a +0 club
  3123 | D:4      | Identified a +0 flail
  3123 | D:4      | Identified a cursed -1 scale mail
  3129 | D:4      | Identified a +0 club
  3265 | D:4      | Identified a +0 leather armour
  3504 | D:5      | Identified a +0 spear
  3504 | D:5      | Identified a +0 club
  3521 | D:5      | Reached skill level 1 in Spellcasting
  3541 | D:5      | Identified a +0 short sword
  3541 | D:5      | Identified a +0 ring mail
  3542 | D:5      | Identified a +0 ring mail
  3549 | D:5      | Identified a +0 trident
  3549 | D:5      | Identified a +0 leather armour
  3549 | D:5      | Identified a +0 club
  3549 | D:5      | Identified a +0 ring mail
  3553 | D:5      | Reached XP level 8. HP: 49/79 MP: 8/8
  3555 | D:5      | Identified a +0 short sword
  3559 | D:5      | Identified a +0 dagger of venom
  3559 | D:5      | Identified a +0 robe
  3563 | D:5      | Found a blossoming altar of Fedhas.
  3564 | D:5      | Identified a +4 whip
  3565 | D:5      | Identified a +0 dagger
  3565 | D:5      | Identified a +0 robe
  3584 | D:5      | Reached skill level 5 in Fighting
  3717 | D:5      | Identified a +0 shortbow
  3727 | D:5      | Reached skill level 2 in Necromancy
  3915 | D:5      | Identified a potion of resistance
  4181 | D:6      | Reached skill level 8 in Unarmed Combat
  4183 | D:6      | Identified a +0 short sword
  4185 | D:6      | Found Kurgha's Antique Armour Emporium.
  4188 | D:6      | Identified a +0 dagger
  4188 | D:6      | Identified a +0 robe
  4190 | D:6      | Identified a cursed -1 dagger
  4190 | D:6      | Identified a +0 robe
  4192 | D:6      | Identified a cursed -3 club
  4195 | D:6      | Identified a +0 dagger
  4226 | D:6      | Identified a +0 shortbow
  4232 | D:6      | HP: 19/80 [centaur/arrow (8)]
  4239 | D:6      | HP: 20/80 [centaur (4)]
  4296 | D:6      | Identified a +0 giant club
  4328 | D:6      | Found a sand-covered staircase.
  4375 | Ossuary  | Entered an ossuary
  4389 | Ossuary  | Reached skill level 2 in Spellcasting
  4461 | Ossuary  | Reached skill level 3 in Necromancy
  4461 | Ossuary  | Reached XP level 9. HP: 66/88 MP: 11/11
  4611 | Ossuary  | Reached skill level 9 in Unarmed Combat
  4679 | Ossuary  | Identified a potion of berserk rage
  4680 | Ossuary  | Identified a potion of magic
  4681 | Ossuary  | Identified 4 potions of attraction
  4801 | D:6      | Identified 2 scrolls of random uselessness
  4803 | D:6      | Identified 2 scrolls of immolation
  4804 | D:6      | Identified 2 scrolls of blinking
  4805 | D:6      | Identified 2 scrolls of teleportation
  4944 | D:6      | Identified a +0 mace
  4944 | D:6      | Identified a +3 hand axe
  4944 | D:6      | Identified a +0 leather armour
  4946 | D:6      | Identified a cursed +0 dagger
  4946 | D:6      | Identified a +1 robe of positive energy
  4949 | D:6      | Identified a +2 morningstar of venom
  5093 | D:6      | Found an opulent altar of Gozag.
  5143 | D:6      | Identified 3 potions of might
  5144 | D:6      | Identified 2 scrolls of enchant weapon
  5156 | D:6      | Identified a +0 giant club
  5163 | D:6      | Reached skill level 6 in Fighting
  5209 | D:6      | Found a staircase to the Ecumenical Temple.
  5215 | Temple   | Entered the Ecumenical Temple
  5230 | Temple   | Became a worshipper of Hepliaklqana the Forgotten
  5367 | D:7      | Identified a +0 giant club
  5517 | D:7      | Identified a +0 morningstar
  5519 | D:7      | Identified a cursed -2 dagger
  5519 | D:7      | Identified a +0 robe
  5594 | D:7      | Identified a potion of brilliance
  5655 | D:7      | Identified a +0 giant spiked club
  5668 | D:7      | Identified a scroll of vulnerability
  5859 | D:8      | Reached skill level 3 in Spellcasting
  5886 | D:8      | Reached skill level 2 in Dodging
  5910 | D:8      | Reached skill level 1 in Armour
  5929 | D:8      | Reached skill level 1 in Shields
  5944 | D:8      | Reached skill level 10 in Unarmed Combat
  6014 | D:8      | Reached * piety under Hepliaklqana
  6060 | D:8      | Found Doomonamm's Antique Armour Shoppe.
  6074 | D:8      | Bought a glowing kite shield for 187 gold pieces
  6079 | D:8      | Identified a +2 kite shield of fire resistance (You bought
                  | it in a shop on level 8 of the Dungeon)
  6105 | D:8      | You fall into a shaft and drop 1 floor!
  6162 | D:9      | Identified a +0 club
  6163 | D:9      | Identified a +0 whip
  6163 | D:9      | Identified a +0 dagger of protection
  6163 | D:9      | Identified a +0 short sword
  6255 | D:9      | Identified a ring of intelligence (You found it on level 9
                  | of the Dungeon)
  6272 | D:9      | Noticed a cyclops
  6282 | D:9      | Killed a cyclops
  6283 | D:9      | Reached XP level 10. HP: 49/90 MP: 13/13
  6413 | D:9      | Identified a +0 short sword
  6414 | D:9      | Identified a +0 short sword
  6665 | D:8      | Identified a +0 trident
  6665 | D:8      | Identified a +0 leather armour
  6665 | D:8      | Identified a +0 dagger
  6665 | D:8      | Identified a +0 leather armour
  6666 | D:8      | Identified a +0 dagger
  6666 | D:8      | Identified a +0 robe
  6667 | D:8      | Identified a +0 dagger
  6668 | D:8      | Identified a +0 hand axe
  6832 | D:8      | Identified a cursed -2 shortbow
  6985 | D:8      | Identified a +2 hand axe of venom
  7012 | D:8      | Identified a +0 dagger
  7012 | D:8      | Identified a +0 robe
  7013 | D:8      | Identified a +2 hand axe of electrocution
  7013 | D:8      | Identified a +0 mace
  7013 | D:8      | Identified a +0 hand axe
  7429 | D:9      | Identified a potion of mutation
  7509 | D:9      | Reached ** piety under Hepliaklqana
  7510 | D:9      | Remembered your ancestor your gay dad as a hexer
  7510 | D:9      | Identified a +0 dagger of draining
  7755 | D:9      | Noticed an ice statue
  7757 | D:9      | Identified a +0 mace
  7757 | D:9      | Identified a +0 ring mail
  7991 | D:9      | Identified a +0 whip
  7991 | D:9      | Identified a +0 scale mail
  8002 | D:9      | Identified a cursed +0 ring mail
  8002 | D:9      | Identified a +0 dagger
  8002 | D:9      | Identified a +0 robe
  8179 | D:9      | HP: 16/90 [ice beast[an ice statue] (8)]
  8187 | D:9      | HP: 19/90 [ice beast[an ice statue] (2)]
  8187 | D:9      | HP: 5/90 [ice beast[an ice statue] (14)]
  8212 | D:9      | Identified a +0 dagger of draining
  8331 | D:9      | Killed an ice statue
  8332 | D:9      | Reached skill level 1 in Throwing
  8332 | D:9      | Reached skill level 2 in Armour
  8332 | D:9      | HP: 11/90 [something (20)]
  8350 | D:9      | Identified a scarf of harm (You found it on level 9 of the
                  | Dungeon)
  8377 | D:9      | Identified a +0 dagger of draining
  8509 | D:10     | Entered Level 10 of the Dungeon
  8509 | D:10     | Identified a +0 short sword
  8509 | D:10     | Identified a +0 cloak
  8509 | D:10     | Noticed Maurice
  8509 | D:10     | Identified a +0 dagger
  8509 | D:10     | Identified a +0 robe
  8509 | D:10     | Identified a +0 chain mail
  8509 | D:10     | Identified a +0 hand axe
  8509 | D:10     | Identified a +0 club
  8509 | D:10     | Identified a +0 dagger
  8509 | D:10     | Identified a +0 scale mail
  8517 | D:10     | Identified a +0 mace
  8518 | D:10     | Killed Maurice
  8519 | D:10     | Reached skill level 2 in Shields
  8519 | D:10     | Identified a +0 dagger
  8519 | D:10     | Identified a +0 robe
  8602 | D:10     | Identified a +0 dagger
  8602 | D:10     | Identified a +0 robe
  8602 | D:10     | Identified a +0 glaive
  8602 | D:10     | Identified a +0 chain mail
  8602 | D:10     | Identified a +0 club
  8603 | D:10     | Identified a +0 quarterstaff
  8603 | D:10     | Identified a +0 chain mail
  8606 | D:10     | Identified a +1 dagger of holy wrath
  8606 | D:10     | Identified a +3 leather armour
  8615 | D:10     | Identified a +0 dagger
  8615 | D:10     | Identified a +0 leather armour
  8713 | D:10     | Identified a +1 dagger of venom
  8713 | D:10     | Noticed Sonja
  8726 | D:10     | Killed Sonja
  8727 | D:10     | Reached skill level 3 in Dodging
  8833 | D:10     | Identified a +0 falchion
  8833 | D:10     | Identified a +0 shortbow
  8892 | D:10     | HP: 21/90 [yak (7)]
  8901 | D:10     | Reached skill level 2 in Throwing
  8901 | D:10     | Reached skill level 4 in Necromancy
  8904 | D:10     | Identified a +0 short sword
  8908 | D:10     | HP: 20/90 [yak (8)]
  8920 | D:10     | Identified a +0 dagger
  8923 | D:10     | Identified a +0 club
  8936 | D:10     | Identified a +0 club
  8945 | D:10     | HP: 22/90 [poisoned by a water moccasin]
  8955 | D:10     | Identified a +0 dagger of draining
  9060 | D:10     | Found a staircase to the Orcish Mines.
  9080 | D:10     | Identified a +0 dagger
  9084 | D:10     | Reached XP level 11. HP: 96/96 MP: 15/15
  9087 | D:10     | Identified a +0 mace
  9087 | D:10     | Identified a +0 plate armour
  9089 | D:10     | Identified a +0 mace
  9089 | D:10     | Identified a +0 leather armour
  9093 | D:10     | Identified a +0 dagger
  9093 | D:10     | Identified a +0 robe
  9093 | D:10     | Identified a +0 dagger of speed
  9267 | D:10     | Reached skill level 3 in Armour
  9414 | D:10     | Reached skill level 11 in Unarmed Combat
  9443 | D:10     | Found a staircase to the Lair.
  9448 | D:10     | HP: 24/96 [poisoned by a water moccasin]
  9453 | D:10     | HP: 19/95 [something (2)]
  9454 | D:10     | HP: 1/95 [yak (14)]
  9458 | D:10     | Reached skill level 3 in Shields
  9459 | D:10     | HP: 25/144 [poisoned by a water moccasin]
  9460 | D:10     | HP: 6/144 [yak (7)]
  9466 | D:10     | HP: 6/144 [poisoned by a water moccasin]
  9472 | D:10     | HP: 4/96 [poisoned by a water moccasin]
  9477 | D:10     | HP: 5/96 [poisoned by a water moccasin]
  9483 | D:10     | HP: 8/96 [poisoned by a water moccasin]
  9489 | D:10     | HP: 12/96 [poisoned by a water moccasin]
  9633 | D:10     | Identified a +0 short sword
  9642 | D:10     | Identified 2 scrolls of enchant armour
  9643 | D:10     | Identified 2 scrolls of noise
  9701 | D:10     | Reached skill level 7 in Fighting
  9713 | D:10     | Identified a scroll of torment
  9953 | D:10     | Identified a +0 giant club
 10070 | D:11     | Identified a +0 shortbow
 10070 | D:11     | Identified a +0 shortbow
 10070 | D:11     | Identified a +0 shortbow
 10070 | D:11     | Identified a +0 shortbow
 10070 | D:11     | Identified a +0 shortbow
 10078 | D:11     | Reached skill level 3 in Throwing
 10170 | D:11     | Identified a scroll of summoning
 10170 | D:11     | Identified a +0 dagger
 10170 | D:11     | Identified a +0 robe
 10170 | D:11     | Identified a +0 ring mail
 10171 | D:11     | Identified a cursed +0 mace
 10221 | D:11     | Identified a +0 club
 10221 | D:11     | Identified a +0 club
 10221 | D:11     | Identified a +0 dagger
 10221 | D:11     | Identified a +0 robe
 10221 | D:11     | Identified a +0 club
 10221 | D:11     | Identified a +0 trident
 10260 | D:11     | Identified a +0 dagger
 10260 | D:11     | Identified an uncursed ring of see invisible
 10268 | D:11     | Identified a +0 spear
 10291 | D:11     | Identified a +0 short sword
 10342 | D:11     | Reached skill level 4 in Spellcasting
 10343 | D:11     | HP: 22/98 [something (10)]
 10353 | D:11     | HP: 24/98 [something (9)]
 10358 | D:11     | HP: 12/147 [something (6)]
 10360 | D:11     | Killed an unseen horror
 10361 | D:11     | Reached skill level 4 in Dodging
 10362 | D:11     | HP: 2/147 [yak (11)]
 10375 | D:11     | Identified a +0 dagger of draining
 10661 | D:11     | Killed an unseen horror
 10740 | D:11     | Noticed a purple ugly thing
 10746 | D:11     | Killed a purple ugly thing
 10772 | D:11     | Reached *** piety under Hepliaklqana
 10840 | D:11     | Identified a +0 scale mail
 10841 | D:11     | Identified a +0 mace
 10841 | D:11     | Identified a +0 chain mail of cold resistance
 10841 | D:11     | Identified a +0 short sword
 10872 | D:11     | Identified a +3 double sword
 10872 | D:11     | Identified a +0 ring mail
 10872 | D:11     | Noticed Urug
 10886 | D:11     | Killed Urug
 10887 | D:11     | Reached skill level 5 in Necromancy
 11169 | D:12     | Identified a +0 dagger
 11200 | D:12     | Identified a +4 battleaxe
 11200 | D:12     | Identified a +0 chain mail
 11200 | D:12     | Noticed a death knight
 11201 | D:12     | Identified a cursed +0 great sword
 11201 | D:12     | Identified a +0 robe
 11248 | D:12     | HP: 10/98 [death knight/+4 battleaxe (20)]
 11310 | D:11     | Identified a +0 dagger of draining
 11390 | D:11     | Killed a death knight
 11391 | D:11     | Reached skill level 4 in Throwing
 11391 | D:11     | Reached skill level 4 in Armour
 11462 | D:12     | Reached skill level 4 in Shields
 11486 | D:12     | Noticed a boulder beetle
 11491 | D:12     | Identified a cursed +3 spear
 11491 | D:12     | Identified a +0 robe
 11492 | D:12     | Identified a +0 war axe
 11492 | D:12     | Noticed a skeletal warrior
 11494 | D:12     | Noticed a phantasmal warrior
 11494 | D:12     | Identified a cursed +2 hand axe
 11494 | D:12     | Identified a +0 robe
 11494 | D:12     | Identified a +0 spear
 11494 | D:12     | Identified a +0 robe
 11507 | D:12     | Mangled by a boulder beetle

Table legend: (Time is in decaauts)
 A = Elapsed time spent in this place.
 B = Non-inter-level travel time spent in this place.
 C = Inter-level travel time spent in this place.
 D = Time resting spent in this place.
 E = Time spent auto-exploring this place.
 F = Levels seen in this place.
 G = Mean time per level.
                   A        B        C        D        E       F      G
               +--------+--------+--------+--------+--------+-----+--------+
         Total |  11508 |  10858 |    650 |   1905 |   6743 |  14 |  822.0 |
       Dungeon |  11134 |  10490 |    644 |   1848 |   6638 |  12 |  927.8 |
        Temple |     21 |     16 |      5 |      0 |      0 |   1 |   21.0 |
       Ossuary |    352 |    352 |      0 |     57 |    105 |   1 |  352.0 |
               +--------+--------+--------+--------+--------+-----+--------+

Top non-repeatable levels by time:
     D:9: 1668 daAuts
    D:10: 1487 daAuts
    D:11: 1308 daAuts
     D:8: 1091 daAuts
     D:5: 936 daAuts
     D:1: 924 daAuts
     D:4: 854 daAuts
     D:2: 831 daAuts
     D:6: 793 daAuts
     D:3: 612 daAuts
     D:7: 480 daAuts
 Ossuary: 352 daAuts
    D:12: 147 daAuts
  Temple: 21 daAuts

Table legend:
 A = Kills in this place as a percentage of kills in entire the game.
 B = Kills by you in this place as a percentage of kills by you in the entire game.
 C = Kills by friends in this place as a percentage of kills by friends in the entire game.
 D = Other kills in this place as a percentage of other kills in the entire game.
 E = Experience gained in this place as a percentage of experience gained in the entire game.
 F = Experience gained in this place divided by the number of levels of this place that you have seen.
                   A       B       C       D       E      F
               +-------+-------+-------+-------+-------+----------------------
         Total | 100.0 | 100.0 | 100.0 | 100.0 | 100.0 | 1518.6
       Dungeon |  92.0 |  91.0 | 100.0 | 100.0 |  96.0 | 1701.3
       Ossuary |   8.0 |   9.0 |   0.0 |   0.0 |   4.0 | 844.0
               +-------+-------+-------+-------+-------+----------------------

Skill      XL: |  1  2  3  4  5  6  7  8  9 10 11 |
---------------+----------------------------------+-----
Fighting       | 3 4 5 6 7 |  7.4
Unarmed Combat | 3 4 5 6 7 8 10 11 | 11.9
Necromancy     | 1 3 4 5 |  5.0
Spellcasting   | 1 2 3 4 |  4.0
Dodging        | 2 3 4 |  4.0
Armour         | 1 2 4 |  4.0
Shields        | 1 2 4 |  4.0
Throwing       | 2 4 |  4.0
Stealth        | |  2.7

Action                   |  1- 3 |  4- 6 |  7- 9 | 10-12 || total
-------------------------+-------+-------+-------+-------++-------
Melee: Unarmed           |     4 |    62 |   479 |   469 ||  1014
       Punch             |       |     1 |    10 |       ||    11
Throw: Large rock        |       |       |       |    13 ||    13
       Throwing net      |       |       |       |     1 ||     1
 Cast: Vampiric Draining |       |       |       |     4 ||     4
Invok: Ancestor Identity |       |       |     1 |       ||     1
       Ancestor Life: He |       |       |       |     1 ||     1
Evoke: Wand              |       |       |       |     2 ||     2
  Use: Scroll            |       |       |    20 |     5 ||    25
       Potion            |       |       |       |     8 ||     8
 Stab: Sleeping          |     1 |     4 |    17 |     2 ||    24
       Distracted        |       |       |       |     7 ||     7
       Confused          |       |       |       |     1 ||     1
Armor: Robe              |       |    13 |   109 |   128 ||   250
Dodge: Dodged            |     2 |    12 |   191 |   162 ||   367
Block: Kite shield       |       |       |    18 |   267 ||   285

Vanquished Creatures
  A death knight (D:11)
  Urug (D:11)
  2 unseen horrors (D:11)
  A cyclops (D:9)
  An ugly thing (D:11)
  Maurice (D:10)
  An ice statue (D:9)
  3 shadows
  2 wraiths
  12 yaks
  A wyvern (D:10)
  A basilisk (D:10)
  2 water moccasins (D:10)
  Duvessa (D:4)
  3 orc warriors
  An eye of draining (D:11)
  4 necrophages
  3 ice beasts
  A black bear (D:6)
  A sky beast (D:6)
  8 ogres
  8 centaurs
  A phantom (D:10)
  5 big kobolds
  8 bullfrogs
  A wyvern zombie (D:9)
  Dowan (D:4)
  12 scorpions
  A wight (D:12)
  A troll zombie (D:10)
  A howler monkey (D:10)
  A quasit (D:8)
  A bullfrog zombie (D:11)
  3 jellies
  2 centaur zombies
  3 human zombies (Ossuary)
  3 centaur skeletons
  7 orc priests
  A bullfrog skeleton (D:12)
  4 hounds
  6 worker ants
  Terence (D:3)
  7 iguanas
  14 orc wizards
  A killer bee zombie (D:6)
  A big kobold zombie (Ossuary)
  5 ogre zombies (D:10)
  3 mummies (Ossuary)
  3 gnolls (D:5)
  A worker ant zombie (D:9)
  3 scorpion zombies (Ossuary)
  8 adders
  A shadow imp (D:8)
  2 white imps (D:8)
  An ooze (D:4)
  An adder skeleton (D:9)
  A worm (D:3)
  3 dart slugs
  10 leopard geckos
  35 orcs
  9 giant cockroaches
  3 gnoll zombies (Ossuary)
  6 goblins
  10 hobgoblins
  5 jackals
  4 quokkas
  3 bats (D:2)
  7 frilled lizards
  2 goblin skeletons (D:10)
  4 goblin zombies
  5 hobgoblin skeletons (D:10)
  A hobgoblin zombie (Ossuary)
  24 kobolds
  3 kobold zombies (Ossuary)
  3 orc skeletons (D:10)
  15 orc zombies
  2 quokka skeletons (D:9)
  6 rats
334 creatures vanquished.

Vanquished Creatures (collateral kills)
  Sonja (D:10)
  A wyvern (D:10)
  A water moccasin (D:10)
  An ice beast (D:10)
  A centaur (D:11)
  2 bullfrogs
  A bullfrog zombie (D:10)
  An iguana (D:9)
  3 orc wizards
  A worker ant (D:7)
  2 ogre zombies (D:10)
  A howler monkey skeleton (D:8)
  16 orcs
  A jackal (D:10)
  5 kobolds
  A quokka (D:12)
39 creatures vanquished.

Vanquished Creatures (others)
  5 hexers
  2 bushes (D:10)
  7 fungi
  25 plants
39 creatures vanquished.

Grand Total: 412 creatures vanquished
